Los Angeles Kings vs Pittsburgh Penguins
Created - Saturday, November 11, 2023 at 08:31
Goals
|
| Los Angeles Kings |
2 |
2 |
1 |
5 |
| Pittsburgh Penguins |
0 |
0 |
3 |
3 |
|
Shots
|
| Los Angeles Kings |
11 |
13 |
8 |
32 |
| Pittsburgh Penguins |
9 |
13 |
15 |
37 |
|
1st period
1. Los Angeles Kings , Kirby Dach 23 (Andrei Kuzmenko 23, Andrei Svechnikov 24) at 3:49
2. Los Angeles Kings , Nicklas Backstrom 26 (Jakub Zboril 5) at 11:39
Penalties :
Erik Karlsson (PIT) for Tripping (Minor) at 0:15, Kirby Dach (LAK) for High sticking (Minor) at 14:50
2nd period
3. Los Angeles Kings , Peyton Krebs 13 (Alexander Radulov 16, Joshua Brown 13) at 5:05
4. Los Angeles Kings , Jakub Zboril 4 (Cooper Marody 17, Noah Dobson 19) at 12:26
Penalties :
Anders Lee (PIT) for Fighting (Major) at 18:12, Seth Jarvis (LAK) for Fighting (Major) at 18:12, Trent Frederic (LAK) for Holding (Minor) at 19:02
3rd period
5. Pittsburgh Penguins , Gabriel Vilardi 12 (Tom Wilson 16, Colton Sissons 11) at 6:28
6. Pittsburgh Penguins , Anders Lee 20 (Brian Dumoulin 18, Sam Reinhart 31) at 9:09 (PP)
7. Pittsburgh Penguins , Mitchell Marner 25 (Leon Draisaitl 36, Pavel Buchnevich 26) at 10:33 (PP)
8. Los Angeles Kings , Trent Frederic 3 (Seth Jarvis 29, Nicklas Backstrom 27) at 10:49
Penalties :
Mattias Ekholm (PIT) for Hooking (Minor) at 0:03, Joshua Brown (LAK) for Roughing (Minor) at 8:24, Kirby Dach (LAK) for High sticking (Minor) at 10:17, Phillip Danault (PIT) for Boarding (Minor) at 13:20
Goalie Stats
John Gibson (LAK), 34 saves from 37 shots - (0.919), W, 12-24-5, 60:00 minutes
Akira Schmid (PIT), 27 saves from 32 shots - (0.844), L, 6-5-0, 60:00 minutes
Players Stats for Los Angeles Kings
Player Name G A P +/- PIM S H SB GA TA FO MP PP MP PK MP
------------------------------------------------------------------------------------
Alexander Radulov 0 1 1 1 0 3 0 0 1 0 0/0 14:07 0:07 0:00
Alexander Romanov 0 0 0 1 0 0 0 4 0 2 0/0 22:59 2:32 2:06
Andrei Kuzmenko 0 1 1 0 0 4 0 0 0 0 3/12 18:43 2:47 2:07
Andrei Svechnikov 0 1 1 0 0 2 5 0 1 0 0/3 19:35 2:30 1:54
Cooper Marody 0 1 1 1 0 1 0 1 1 0 0/0 7:47 0:00 0:00
Erik Brannstrom 0 0 0 3 0 2 4 2 0 2 0/0 18:22 0:00 1:55
Jakub Zboril 1 1 2 3 0 2 1 2 0 0 0/0 15:24 0:00 0:00
Joshua Brown 0 1 1 0 2 2 2 0 0 2 0/0 18:38 2:27 0:00
K'Andre Miller 0 0 0 1 0 2 3 1 2 2 0/0 22:59 2:32 2:06
Kirby Dach 1 0 1 0 4 3 1 0 0 0 9/23 18:06 2:27 0:48
Marco Rossi 0 0 0 1 0 1 0 0 0 0 0/1 10:18 0:26 0:00
Nicklas Backstrom 1 1 2 2 0 1 2 1 0 1 4/12 18:47 2:25 2:07
Noah Dobson 0 1 1 0 0 0 0 1 0 3 0/0 21:37 2:27 1:55
Peyton Krebs 1 0 1 1 0 3 3 0 0 0 4/8 15:30 0:00 1:06
Ryan Reaves 0 0 0 1 0 0 0 0 0 0 0/0 8:15 0:01 0:00
Seth Jarvis 0 1 1 2 5 3 0 0 0 0 1/4 15:08 1:46 0:00
Trent Frederic 1 0 1 2 2 1 1 1 0 0 0/0 16:31 2:28 0:00
Vitali Kravtsov 0 0 0 1 0 2 1 0 0 0 0/0 12:10 0:00 0:00
Players Stats for Pittsburgh Penguins
Player Name G A P +/- PIM S H SB GA TA FO MP PP MP PK MP
------------------------------------------------------------------------------------
Alexander Edler 0 0 0 -1 0 5 2 0 1 1 0/0 16:44 0:32 0:35
Anders Lee 1 0 1 -1 5 4 1 0 1 0 0/0 14:21 1:13 0:24
Brian Dumoulin 0 1 1 -2 0 0 1 2 0 0 0/0 19:37 1:26 2:30
Colton Sissons 0 1 1 0 0 0 0 1 0 0 0/3 9:52 0:00 2:20
Erik Gudbranson 0 0 0 -1 0 1 0 1 0 0 0/0 18:41 0:25 2:39
Erik Karlsson 0 0 0 -1 2 3 3 0 0 1 0/0 23:08 2:10 1:13
Gabriel Vilardi 1 0 1 0 0 1 1 0 1 1 0/0 8:11 0:00 0:00
Jean-Gabriel Pageau 0 0 0 -2 0 1 3 0 1 0 11/17 20:28 2:10 2:44
Jordan Eberle 0 0 0 -1 0 2 1 0 0 0 0/0 11:56 0:00 0:00
Leon Draisaitl 0 1 1 -2 0 6 0 0 2 0 11/13 19:43 1:51 2:15
Mattias Ekholm 0 0 0 -1 2 0 2 1 0 2 0/0 22:54 1:50 2:22
Mitchell Marner 1 0 1 -2 0 2 1 0 1 0 1/2 17:49 1:51 0:12
Pavel Buchnevich 0 1 1 -1 0 0 1 0 1 0 1/2 16:56 1:51 0:54
Phillip Danault 0 0 0 -1 2 1 1 1 0 0 12/18 15:35 0:00 1:09
Ryan Johansen 0 0 0 -1 0 0 3 0 1 0 6/7 11:56 0:00 0:00
Ryan Suter 0 0 0 -2 0 0 2 4 0 0 0/0 18:57 1:38 0:39
Sam Reinhart 0 1 1 -1 0 7 1 1 1 0 0/1 17:20 2:10 0:00
Tom Wilson 0 1 1 0 0 4 1 0 2 0 0/0 9:51 0:57 0:00
3 Stars
1 - Jakub Zboril (LAK)
2 - Nicklas Backstrom (LAK)
3 - Peyton Krebs (LAK)
Power Play
Los Angeles Kings - 0 on 3 Attempt(s) - 0.00%
Pittsburgh Penguins - 2 on 4 Attempt(s) - 50.00%
Penalty Kill
Los Angeles Kings - 2 on 4 Attempt(s) - 50.00%
- Score 0 goal in Penalty Kill
Pittsburgh Penguins - 3 on 3 Attempt(s) - 100.00%
- Score 0 goal in Penalty Kill
Team Stat
Los Angeles Kings - Hits : 23 - Faceoff Wins : 21 - Blocked Shots : 13 - Penalty Minutes : 13
Pittsburgh Penguins - Hits : 24 - Faceoff Wins : 42 - Blocked Shots : 11 - Penalty Minutes : 11
Official
Referees : Graham Skiliter and Brian Pochmara
Linesman : Shandor Alphonso and Mark Shewchyk
Game Notes
Anders Lee beats up Seth Jarvis at 18:12 of 2nd period
Finance
Level 1 -- Attendance: 4406 (73.43%) -- Ticket Income $440,600
Level 2 -- Attendance: 3524 (70.48%) -- Ticket Income $211,440
Level 3 -- Attendance: 2121 (70.70%) -- Ticket Income $74,235
Level 4 -- Attendance: 3423 (68.46%) -- Ticket Income $85,575
Luxury Box -- Attendance: 739 (73.90%) -- Ticket Income $147,800
Game was played at the Consol Energy Center.
Total Attendance: 14213 (71.07%)
Total Ticket Income: $959,650
Other Income: $335,878
Total Income: $1,295,528
Los Angeles Kings
5 vs 5 Forward
Center Left Wing Right Wing Time % Phy DF OF
1 Kirby Dach Andrei Svechnikov Andrei Kuzmenko 30 1 2 2
2 Nicklas Backstrom Trent Frederic Seth Jarvis 30 1 2 2
3 Peyton Krebs Vitali Kravtsov Alexander Radulov 25 1 2 2
4 Cooper Marody Marco Rossi Ryan Reaves 15 1 2 2
5 vs 5 Defense
Defense Defense Time % Phy DF OF
1 K'Andre Miller Alexander Romanov 35 1 2 2
2 Noah Dobson Joshua Brown 35 1 2 2
3 Erik Brannstrom Jakub Zboril 30 1 2 2
4 K'Andre Miller Alexander Romanov 0 1 2 2
PowerPlay Forward
Center Left Wing Right Wing Time % Phy DF OF
1 Kirby Dach Andrei Svechnikov Andrei Kuzmenko 50 1 2 2
2 Nicklas Backstrom Trent Frederic Seth Jarvis 50 1 2 2
PowerPlay Defense
Defense Defense Time % Phy DF OF
1 K'Andre Miller Alexander Romanov 50 1 2 2
2 Noah Dobson Joshua Brown 50 1 2 2
Penalty Kill 4 Players Forward
Center Wing Time % Phy DF OF
1 Andrei Svechnikov Kirby Dach 50 1 2 2
2 Andrei Kuzmenko Nicklas Backstrom 50 1 2 2
Penalty Kill 4 Players Defense
Defense Defense Time % Phy DF OF
1 K'Andre Miller Alexander Romanov 50 1 2 2
2 Noah Dobson Erik Brannstrom 50 1 2 2
Penalty Kill - 3 Players Forward
Forward Time % Phy DF OF
1 Andrei Svechnikov 50 1 2 2
2 Kirby Dach 50 1 2 2
Penalty Kill - 3 Players Defense
Defense Defense Time % Phy DF OF
1 K'Andre Miller Alexander Romanov 50 1 2 2
2 Noah Dobson Erik Brannstrom 50 1 2 2
4 vs 4 Forward
Center Wing Time % Phy DF OF
1 Andrei Svechnikov Kirby Dach 50 1 2 2
2 Andrei Kuzmenko Nicklas Backstrom 50 1 2 2
4 vs 4 Defense
Defense Defense Time % Phy DF OF
1 K'Andre Miller Alexander Romanov 50 1 2 2
2 Noah Dobson Joshua Brown 50 1 2 2
Last Minutes Offensive
Center Left Wing Right Wing Defense Defense
Kirby Dach Andrei Svechnikov Andrei Kuzmenko K'Andre Miller Alexander Romanov
Last Minutes Defensive
Center Left Wing Right Wing Defense Defense
Kirby Dach Andrei Svechnikov Andrei Kuzmenko K'Andre Miller Alexander Romanov
Goaltenders
Starting : John Gibson
Backup : Jonas Johansson
Extra Forwards
Normal : Marco Rossi, Alexander Radulov, Peyton Krebs - PP : Marco Rossi, Alexander Radulov - PK : Peyton Krebs
Extra Defensemen
Normal : Joshua Brown, Erik Brannstrom, Noah Dobson - PP : Joshua Brown - PK : Erik Brannstrom, Noah Dobson
Penalty Shots
Andrei Svechnikov, Kirby Dach, Andrei Kuzmenko, Nicklas Backstrom, Seth Jarvis
Pittsburgh Penguins
5 vs 5 Forward
Center Left Wing Right Wing Time % Phy DF OF
1 Jean-Gabriel Pageau Leon Draisaitl Mitchell Marner 30 1 2 2
2 Phillip Danault Pavel Buchnevich Sam Reinhart 30 1 2 2
3 Ryan Johansen Anders Lee Jordan Eberle 25 1 2 2
4 Colton Sissons Gabriel Vilardi Tom Wilson 15 1 2 2
5 vs 5 Defense
Defense Defense Time % Phy DF OF
1 Erik Karlsson Mattias Ekholm 30 1 2 2
2 Ryan Suter Brian Dumoulin 30 1 2 2
3 Erik Gudbranson Alexander Edler 30 1 2 2
4 Erik Karlsson Mattias Ekholm 10 1 2 2
PowerPlay Forward
Center Left Wing Right Wing Time % Phy DF OF
1 Leon Draisaitl Pavel Buchnevich Mitchell Marner 50 0 2 3
2 Jean-Gabriel Pageau Anders Lee Sam Reinhart 50 1 2 2
PowerPlay Defense
Defense Defense Time % Phy DF OF
1 Erik Karlsson Ryan Suter 50 1 2 2
2 Mattias Ekholm Brian Dumoulin 50 1 2 2
Penalty Kill 4 Players Forward
Center Wing Time % Phy DF OF
1 Leon Draisaitl Phillip Danault 50 1 2 2
2 Jean-Gabriel Pageau Colton Sissons 50 1 2 2
Penalty Kill 4 Players Defense
Defense Defense Time % Phy DF OF
1 Mattias Ekholm Brian Dumoulin 50 1 2 2
2 Erik Gudbranson Erik Karlsson 50 1 2 2
Penalty Kill - 3 Players Forward
Forward Time % Phy DF OF
1 Leon Draisaitl 50 1 2 2
2 Mitchell Marner 50 1 2 2
Penalty Kill - 3 Players Defense
Defense Defense Time % Phy DF OF
1 Erik Gudbranson Erik Karlsson 50 1 2 2
2 Mattias Ekholm Brian Dumoulin 50 1 2 2
4 vs 4 Forward
Center Wing Time % Phy DF OF
1 Leon Draisaitl Mitchell Marner 50 1 2 2
2 Sam Reinhart Pavel Buchnevich 50 1 2 2
4 vs 4 Defense
Defense Defense Time % Phy DF OF
1 Erik Karlsson Ryan Suter 50 1 2 2
2 Mattias Ekholm Brian Dumoulin 50 1 2 2
Last Minutes Offensive
Center Left Wing Right Wing Defense Defense
Leon Draisaitl Pavel Buchnevich Mitchell Marner Erik Karlsson Mattias Ekholm
Last Minutes Defensive
Center Left Wing Right Wing Defense Defense
Leon Draisaitl Pavel Buchnevich Mitchell Marner Erik Karlsson Mattias Ekholm
Goaltenders
Starting : Akira Schmid
Backup : Marc-Andre Fleury
Extra Forwards
Normal : Tom Wilson, Gabriel Vilardi, Phillip Danault - PP : Tom Wilson, Gabriel Vilardi - PK : Phillip Danault
Extra Defensemen
Normal : Erik Gudbranson, Brian Dumoulin, Mattias Ekholm - PP : Erik Gudbranson - PK : Erik Gudbranson, Mattias Ekholm
Penalty Shots
Leon Draisaitl, Mitchell Marner, Sam Reinhart, Pavel Buchnevich, Jean-Gabriel Pageau
% Time on Ice - Los Angeles Kings
Lines # - Real PCT - Wanted PCT - Time Play
Normal Forward
1 - 29% - 30% - 14:32
2 - 32% - 30% - 16:04
3 - 24% - 25% - 11:49
4 - 15% - 15% - 7:37
Normal Defense
1 - 36% - 35% - 17:52
2 - 34% - 35% - 16:46
3 - 31% - 30% - 15:24
4 - 0% - 0% - 0:00
PP Forward
1 - 49% - 50% - 2:28
2 - 51% - 50% - 2:31
PP Defense
1 - 51% - 50% - 2:32
2 - 49% - 50% - 2:27
PK Forward
1 - 47% - 50% - 1:54
2 - 53% - 50% - 2:07
PK Defense
1 - 52% - 50% - 2:06
2 - 48% - 50% - 1:55
PK3 Forward
1 - 0% - 50%
2 - 0% - 50%
PK3 Defense
1 - 0% - 50%
2 - 0% - 50%
44 Forward
1 - 50% - 50% - 0:29
2 - 50% - 50% - 0:29
44 Defense
1 - 50% - 50% - 0:29
2 - 50% - 50% - 0:29
Last Minute Offensive - 0:00
Last Minute Defensive - 0:00
Total
Forward - 60:00
Defense - 60:00
|
% Time on Ice - Pittsburgh Penguins
Lines # - Real PCT - Wanted PCT - Time Play
Normal Forward
1 - 31% - 30% - 15:17
2 - 31% - 30% - 15:19
3 - 24% - 25% - 11:56
4 - 15% - 15% - 7:30
Normal Defense
1 - 30% - 30% - 14:54
2 - 31% - 30% - 15:35
3 - 29% - 30% - 14:40
4 - 10% - 10% - 4:53
PP Forward
1 - 46% - 50% - 1:51
2 - 54% - 50% - 2:10
PP Defense
1 - 54% - 50% - 2:10
2 - 46% - 50% - 1:51
PK Forward
1 - 53% - 50% - 2:39
2 - 47% - 50% - 2:20
PK Defense
1 - 54% - 50% - 2:42
2 - 46% - 50% - 2:17
PK3 Forward
1 - 0% - 50%
2 - 0% - 50%
PK3 Defense
1 - 0% - 50%
2 - 0% - 50%
44 Forward
1 - 76% - 50% - 0:44
2 - 24% - 50% - 0:14
44 Defense
1 - 76% - 50% - 0:44
2 - 24% - 50% - 0:14
Last Minute Offensive - 0:00
Last Minute Defensive - 0:00
Total
Forward - 60:00
Defense - 60:00
|
Play-by-Play
1st period
0:01 of 1st period - Kirby Dach wins face-off versus Jean-Gabriel Pageau in neutral zone.
0:15 of 1st period - Minor Penalty to Erik Karlsson for Tripping.
0:16 of 1st period - Leon Draisaitl wins face-off versus Kirby Dach in Pittsburgh Penguins zone.
0:24 of 1st period - Brian Dumoulin is hit by Andrei Svechnikov and loses puck.
0:48 of 1st period - Snap shot by Andrei Kuzmenko.
0:48 of 1st period - Stopped by Akira Schmid with a rebound.
0:50 of 1st period - Slapshot by Joshua Brown.
0:50 of 1st period - Stopped by Akira Schmid without a rebound.
0:51 of 1st period - Jean-Gabriel Pageau wins face-off versus Nicklas Backstrom in Pittsburgh Penguins zone.
1:04 of 1st period - Snap shot by Nicklas Backstrom.
1:04 of 1st period - Shot Blocked by Mattias Ekholm.
2:15 of 1st period - Penalty to Erik Karlsson is over, Erik Karlsson is back on ice.
3:30 of 1st period - Seth Jarvis is hit by Mitchell Marner and loses puck.
3:37 of 1st period - Snap shot by Leon Draisaitl.
3:37 of 1st period - Stopped by John Gibson without a rebound.
3:38 of 1st period - Kirby Dach wins face-off versus Ryan Johansen in Los Angeles Kings zone.
3:49 of 1st period - Snap shot by Kirby Dach.
3:49 of 1st period - Goal by Kirby Dach - Los Angeles Kings : 1 - Pittsburgh Penguins : 0.
3:50 of 1st period - Phillip Danault wins face-off versus Nicklas Backstrom in neutral zone.
4:01 of 1st period - Snap shot by Nicklas Backstrom.
4:01 of 1st period - Shot Misses the Net.
4:15 of 1st period - Joshua Brown is hit by Jean-Gabriel Pageau and loses puck.
4:58 of 1st period - Vitali Kravtsov is hit by Anders Lee and loses puck.
5:06 of 1st period - Off-side.
5:07 of 1st period - Phillip Danault wins face-off versus Nicklas Backstrom in neutral zone.
5:12 of 1st period - Wrist shot by Sam Reinhart.
5:12 of 1st period - Stopped by John Gibson without a rebound.
5:13 of 1st period - Phillip Danault wins face-off versus Nicklas Backstrom in Los Angeles Kings zone.
6:35 of 1st period - Snap shot by Gabriel Vilardi.
6:35 of 1st period - Shot Blocked by Jakub Zboril.
6:37 of 1st period - Slapshot by Brian Dumoulin.
6:37 of 1st period - Shot Blocked by Jakub Zboril.
6:39 of 1st period - Slapshot by Brian Dumoulin.
6:39 of 1st period - Shot Misses the Net.
6:50 of 1st period - Off-side.
6:51 of 1st period - Phillip Danault wins face-off versus Nicklas Backstrom in neutral zone.
7:00 of 1st period - Snap shot by Phillip Danault.
7:00 of 1st period - Stopped by John Gibson without a rebound.
7:01 of 1st period - Mitchell Marner wins face-off versus Kirby Dach in Los Angeles Kings zone.
7:02 of 1st period - Wrist shot by Leon Draisaitl.
7:02 of 1st period - Stopped by John Gibson with a rebound.
7:11 of 1st period - Icing by Andrei Svechnikov.
7:12 of 1st period - Kirby Dach wins face-off versus Jean-Gabriel Pageau in Los Angeles Kings zone.
7:19 of 1st period - Wrist shot by Kirby Dach.
7:19 of 1st period - Stopped by Akira Schmid with a rebound.
8:36 of 1st period - Alexander Edler is hit by Jakub Zboril.
9:10 of 1st period - Slapshot by Seth Jarvis.
9:10 of 1st period - Shot Blocked by Phillip Danault.
9:12 of 1st period - Slapshot by Alexander Romanov.
9:12 of 1st period - Shot Misses the Net.
9:14 of 1st period - Slapshot by K'Andre Miller.
9:14 of 1st period - Deflect By Seth Jarvis.
9:14 of 1st period - Stopped by Akira Schmid with a rebound.
9:16 of 1st period - Slapshot by K'Andre Miller.
9:16 of 1st period - Stopped by Akira Schmid with a rebound.
9:52 of 1st period - Wrist shot by Kirby Dach.
9:52 of 1st period - Stopped by Akira Schmid without a rebound.
9:53 of 1st period - Nicklas Backstrom wins face-off versus Colton Sissons in Pittsburgh Penguins zone.
9:56 of 1st period - Slapshot by Nicklas Backstrom.
9:56 of 1st period - Shot Misses the Net.
10:55 of 1st period - Snap shot by Pavel Buchnevich.
10:55 of 1st period - Shot Misses the Net.
10:57 of 1st period - Slapshot by Alexander Edler.
10:57 of 1st period - Stopped by John Gibson with a rebound.
11:37 of 1st period - Snap shot by Nicklas Backstrom.
11:37 of 1st period - Shot Misses the Net.
11:39 of 1st period - Snap shot by Nicklas Backstrom.
11:39 of 1st period - Goal by Nicklas Backstrom - Los Angeles Kings : 2 - Pittsburgh Penguins : 0.
11:40 of 1st period - Phillip Danault wins face-off versus Seth Jarvis in neutral zone.
11:55 of 1st period - Snap shot by Seth Jarvis.
11:55 of 1st period - Stopped by Akira Schmid without a rebound.
11:56 of 1st period - Jean-Gabriel Pageau wins face-off versus Kirby Dach in Pittsburgh Penguins zone.
13:24 of 1st period - Brian Dumoulin is hit by Andrei Svechnikov and loses puck.
13:43 of 1st period - Slapshot by Pavel Buchnevich.
13:43 of 1st period - Shot Blocked by Trent Frederic.
13:45 of 1st period - Snap shot by Sam Reinhart.
13:45 of 1st period - Stopped by John Gibson with a rebound.
13:47 of 1st period - Slapshot by Phillip Danault.
13:47 of 1st period - Shot Misses the Net.
14:25 of 1st period - Ryan Reaves is hit by Mattias Ekholm and loses puck.
14:32 of 1st period - Wrist shot by Tom Wilson.
14:32 of 1st period - Stopped by John Gibson without a rebound.
14:33 of 1st period - Jean-Gabriel Pageau wins face-off versus Kirby Dach in Los Angeles Kings zone.
14:39 of 1st period - Icing by Jakub Zboril.
14:40 of 1st period - Jean-Gabriel Pageau wins face-off versus Kirby Dach in Los Angeles Kings zone.
14:50 of 1st period - Minor Penalty to Kirby Dach for High sticking.
14:51 of 1st period - Pavel Buchnevich wins face-off versus Andrei Svechnikov in Los Angeles Kings zone.
15:26 of 1st period - Snap shot by Jean-Gabriel Pageau.
15:26 of 1st period - Deflect By Sam Reinhart.
15:26 of 1st period - Shot Hit the Post.
15:26 of 1st period - Puck is out of play.
15:27 of 1st period - Leon Draisaitl wins face-off versus Andrei Kuzmenko in Los Angeles Kings zone.
15:52 of 1st period - Anders Lee is hit by Peyton Krebs and loses puck.
16:15 of 1st period - Snap shot by Leon Draisaitl.
16:15 of 1st period - Deflect By Mitchell Marner.
16:15 of 1st period - Shot Blocked by Alexander Romanov.
16:15 of 1st period - Puck is out of play.
16:16 of 1st period - Leon Draisaitl wins face-off versus Andrei Kuzmenko in Los Angeles Kings zone.
16:43 of 1st period - Slapshot by Erik Karlsson.
16:43 of 1st period - Shot Blocked by Nicklas Backstrom.
16:50 of 1st period - Penalty to Kirby Dach is over, Kirby Dach is back on ice.
17:02 of 1st period - Snap shot by Andrei Svechnikov.
17:02 of 1st period - Stopped by Akira Schmid with a rebound.
17:04 of 1st period - Wrist shot by Erik Brannstrom.
17:04 of 1st period - Stopped by Akira Schmid with a rebound.
17:14 of 1st period - Wrist shot by Kirby Dach.
17:14 of 1st period - Shot Misses the Net.
17:16 of 1st period - Wrist shot by Erik Brannstrom.
17:16 of 1st period - Shot Blocked by Ryan Suter.
17:18 of 1st period - Slapshot by Noah Dobson.
17:18 of 1st period - Shot Blocked by Ryan Suter.
17:52 of 1st period - Slapshot by Sam Reinhart.
17:52 of 1st period - Stopped by John Gibson without a rebound.
17:53 of 1st period - Seth Jarvis wins face-off versus Colton Sissons in Los Angeles Kings zone.
18:01 of 1st period - Wrist shot by Tom Wilson.
18:01 of 1st period - Shot Blocked by Alexander Romanov.
18:03 of 1st period - Wrist shot by Alexander Edler.
18:03 of 1st period - Shot Blocked by Alexander Romanov.
18:05 of 1st period - Snap shot by Alexander Edler.
18:05 of 1st period - Stopped by John Gibson with a rebound.
18:19 of 1st period - Alexander Romanov is hit by Phillip Danault and loses puck.
19:06 of 1st period - Seth Jarvis is hit by Ryan Johansen and loses puck.
19:38 of 1st period - Joshua Brown is hit by Pavel Buchnevich and loses puck.
Goals for this period are 2 for Los Angeles Kings vs 0 for Pittsburgh Penguins.
Shots for this period are 11 for Los Angeles Kings vs 9 for Pittsburgh Penguins.
2nd period
0:01 of 2nd period - Jean-Gabriel Pageau wins face-off versus Seth Jarvis in neutral zone.
0:26 of 2nd period - Ryan Johansen is hit by K'Andre Miller and loses puck.
0:31 of 2nd period - Wrist shot by Alexander Radulov.
0:31 of 2nd period - Stopped by Akira Schmid without a rebound.
0:32 of 2nd period - Peyton Krebs wins face-off versus Phillip Danault in Pittsburgh Penguins zone.
1:25 of 2nd period - Erik Brannstrom is hit by Ryan Johansen and loses puck.
1:51 of 2nd period - Icing by Erik Gudbranson.
1:52 of 2nd period - Ryan Johansen wins face-off versus Nicklas Backstrom in Pittsburgh Penguins zone.
2:15 of 2nd period - Snap shot by Jordan Eberle.
2:15 of 2nd period - Shot Misses the Net.
2:17 of 2nd period - Slapshot by Alexander Edler.
2:17 of 2nd period - Deflect By Seth Jarvis.
2:17 of 2nd period - Stopped by John Gibson with a rebound.
2:37 of 2nd period - Wrist shot by Anders Lee.
2:37 of 2nd period - Stopped by John Gibson with a rebound.
2:39 of 2nd period - Slapshot by Alexander Edler.
2:39 of 2nd period - Shot Blocked by Alexander Romanov.
2:41 of 2nd period - Slapshot by Erik Gudbranson.
2:41 of 2nd period - Stopped by John Gibson without a rebound.
2:42 of 2nd period - Peyton Krebs wins face-off versus Jean-Gabriel Pageau in Los Angeles Kings zone.
2:51 of 2nd period - Snap shot by Peyton Krebs.
2:51 of 2nd period - Deflect By Alexander Radulov.
2:51 of 2nd period - Shot Misses the Net.
2:51 of 2nd period - Puck is out of play.
2:52 of 2nd period - Peyton Krebs wins face-off versus Jean-Gabriel Pageau in Pittsburgh Penguins zone.
2:55 of 2nd period - Snap shot by Alexander Radulov.
2:55 of 2nd period - Stopped by Akira Schmid with a rebound.
2:57 of 2nd period - Wrist shot by Alexander Radulov.
2:57 of 2nd period - Shot Misses the Net.
2:59 of 2nd period - Snap shot by Vitali Kravtsov.
2:59 of 2nd period - Shot Misses the Net.
3:01 of 2nd period - Snap shot by Jakub Zboril.
3:01 of 2nd period - Stopped by Akira Schmid without a rebound.
3:02 of 2nd period - Kirby Dach wins face-off versus Phillip Danault in Pittsburgh Penguins zone.
3:05 of 2nd period - Slapshot by Andrei Kuzmenko.
3:05 of 2nd period - Stopped by Akira Schmid without a rebound.
3:06 of 2nd period - Phillip Danault wins face-off versus Kirby Dach in Pittsburgh Penguins zone.
3:55 of 2nd period - Anders Lee is hit by Nicklas Backstrom.
4:20 of 2nd period - Gabriel Vilardi is hit by Erik Brannstrom.
5:05 of 2nd period - Snap shot by Peyton Krebs.
5:05 of 2nd period - Goal by Peyton Krebs - Los Angeles Kings : 3 - Pittsburgh Penguins : 0.
5:06 of 2nd period - Leon Draisaitl wins face-off versus Kirby Dach in neutral zone.
5:15 of 2nd period - Leon Draisaitl is hit by Andrei Svechnikov and loses puck.
5:41 of 2nd period - Wrist shot by Sam Reinhart.
5:41 of 2nd period - Stopped by John Gibson with a rebound.
6:16 of 2nd period - Mattias Ekholm is hit by Erik Brannstrom and loses puck.
6:51 of 2nd period - Wrist shot by Cooper Marody.
6:51 of 2nd period - Stopped by Akira Schmid with a rebound.
6:53 of 2nd period - Snap shot by Marco Rossi.
6:53 of 2nd period - Shot Blocked by Brian Dumoulin.
6:55 of 2nd period - Slapshot by Jakub Zboril.
6:55 of 2nd period - Shot Blocked by Sam Reinhart.
6:59 of 2nd period - Snap shot by Cooper Marody.
6:59 of 2nd period - Shot Blocked by Ryan Suter.
7:03 of 2nd period - Snap shot by Cooper Marody.
7:03 of 2nd period - Deflect By Marco Rossi.
7:03 of 2nd period - Stopped by Akira Schmid without a rebound.
7:04 of 2nd period - Kirby Dach wins face-off versus Leon Draisaitl in Pittsburgh Penguins zone.
7:15 of 2nd period - Wrist shot by Mitchell Marner.
7:15 of 2nd period - Shot Misses the Net.
7:17 of 2nd period - Wrist shot by Leon Draisaitl.
7:17 of 2nd period - Stopped by John Gibson with a rebound.
7:19 of 2nd period - Slapshot by Alexander Edler.
7:19 of 2nd period - Stopped by John Gibson with a rebound.
7:21 of 2nd period - Slapshot by Alexander Edler.
7:21 of 2nd period - Shot Blocked by K'Andre Miller.
7:31 of 2nd period - Andrei Kuzmenko is hit by Alexander Edler and loses puck.
7:38 of 2nd period - Slapshot by Tom Wilson.
7:38 of 2nd period - Deflect By Colton Sissons.
7:38 of 2nd period - Shot Misses the Net.
7:38 of 2nd period - Puck is out of play.
7:39 of 2nd period - Phillip Danault wins face-off versus Nicklas Backstrom in Los Angeles Kings zone.
7:54 of 2nd period - Snap shot by Sam Reinhart.
7:54 of 2nd period - Shot Misses the Net.
8:18 of 2nd period - Snap shot by Mitchell Marner.
8:18 of 2nd period - Stopped by John Gibson without a rebound.
8:19 of 2nd period - Ryan Johansen wins face-off versus Kirby Dach in Los Angeles Kings zone.
8:22 of 2nd period - Slapshot by Erik Karlsson.
8:22 of 2nd period - Deflect By Andrei Kuzmenko.
8:22 of 2nd period - Stopped by John Gibson with a rebound.
8:24 of 2nd period - Slapshot by Erik Karlsson.
8:24 of 2nd period - Stopped by John Gibson without a rebound.
8:25 of 2nd period - Ryan Johansen wins face-off versus Andrei Kuzmenko in Los Angeles Kings zone.
8:26 of 2nd period - Slapshot by Anders Lee.
8:26 of 2nd period - Stopped by John Gibson with a rebound.
8:30 of 2nd period - Snap shot by Ryan Johansen.
8:30 of 2nd period - Deflect By Anders Lee.
8:30 of 2nd period - Deflect By Kirby Dach.
8:30 of 2nd period - Shot Misses the Net.
8:30 of 2nd period - Puck is out of play.
8:31 of 2nd period - Nicklas Backstrom wins face-off versus Mitchell Marner in Los Angeles Kings zone.
8:38 of 2nd period - Leon Draisaitl is hit by Trent Frederic.
8:42 of 2nd period - Snap shot by Erik Karlsson.
8:42 of 2nd period - Stopped by John Gibson with a rebound.
8:56 of 2nd period - Noah Dobson is hit by Erik Karlsson.
9:00 of 2nd period - Slapshot by Peyton Krebs.
9:00 of 2nd period - Stopped by Akira Schmid with a rebound.
9:02 of 2nd period - Snap shot by Vitali Kravtsov.
9:02 of 2nd period - Stopped by Akira Schmid without a rebound.
9:03 of 2nd period - Phillip Danault wins face-off versus Kirby Dach in Pittsburgh Penguins zone.
9:34 of 2nd period - Slapshot by Peyton Krebs.
9:34 of 2nd period - Shot Misses the Net.
9:36 of 2nd period - Snap shot by Vitali Kravtsov.
9:36 of 2nd period - Shot Blocked by Ryan Suter.
9:38 of 2nd period - Wrist shot by K'Andre Miller.
9:38 of 2nd period - Stopped by Akira Schmid with a rebound.
10:32 of 2nd period - Erik Brannstrom is hit by Tom Wilson and loses puck.
10:41 of 2nd period - Snap shot by Colton Sissons.
10:41 of 2nd period - Shot Blocked by Cooper Marody.
11:06 of 2nd period - Wrist shot by Seth Jarvis.
11:06 of 2nd period - Stopped by Akira Schmid without a rebound.
11:07 of 2nd period - Phillip Danault wins face-off versus Peyton Krebs in Pittsburgh Penguins zone.
11:07 of 2nd period - Phillip Danault is hit by K'Andre Miller.
11:57 of 2nd period - Trent Frederic is hit by Ryan Suter and loses puck.
12:24 of 2nd period - Slapshot by Cooper Marody.
12:24 of 2nd period - Shot Misses the Net.
12:26 of 2nd period - Slapshot by Jakub Zboril.
12:26 of 2nd period - Goal by Jakub Zboril - Los Angeles Kings : 4 - Pittsburgh Penguins : 0.
12:27 of 2nd period - Jean-Gabriel Pageau wins face-off versus Kirby Dach in neutral zone.
12:36 of 2nd period - Erik Gudbranson is hit by Kirby Dach and loses puck.
12:43 of 2nd period - Snap shot by Andrei Kuzmenko.
12:43 of 2nd period - Shot Misses the Net.
13:14 of 2nd period - Backhand shot by Alexander Radulov.
13:14 of 2nd period - Stopped by Akira Schmid without a rebound.
13:15 of 2nd period - Ryan Johansen wins face-off versus Peyton Krebs in Pittsburgh Penguins zone.
13:20 of 2nd period - Vitali Kravtsov is hit by Mattias Ekholm.
14:14 of 2nd period - Anders Lee is hit by Peyton Krebs and loses puck.
14:39 of 2nd period - Jordan Eberle is hit by Peyton Krebs and loses puck.
14:49 of 2nd period - Off-side.
14:50 of 2nd period - Andrei Kuzmenko wins face-off versus Phillip Danault in neutral zone.
15:50 of 2nd period - Off-side.
15:51 of 2nd period - Phillip Danault wins face-off versus Kirby Dach in neutral zone.
16:16 of 2nd period - Mitchell Marner is hit by Joshua Brown and loses puck.
16:39 of 2nd period - Off-side.
16:40 of 2nd period - Kirby Dach wins face-off versus Colton Sissons in neutral zone.
17:50 of 2nd period - Wrist shot by Jordan Eberle.
17:50 of 2nd period - Stopped by John Gibson with a rebound.
17:52 of 2nd period - Snap shot by Ryan Johansen.
17:52 of 2nd period - Deflect By Alexander Radulov.
17:52 of 2nd period - Shot Misses the Net.
17:52 of 2nd period - Puck is out of play.
17:53 of 2nd period - Ryan Johansen wins face-off versus Nicklas Backstrom in Los Angeles Kings zone.
18:06 of 2nd period - Jordan Eberle is hit by Nicklas Backstrom and loses puck.
18:12 of 2nd period - Anders Lee beats up Seth Jarvis.
18:12 of 2nd period - Penalty to Anders Lee for Fighting.
18:12 of 2nd period - Penalty to Seth Jarvis for Fighting.
18:13 of 2nd period - Jean-Gabriel Pageau wins face-off versus Kirby Dach in neutral zone.
18:56 of 2nd period - Slapshot by Pavel Buchnevich.
18:56 of 2nd period - Shot Misses the Net.
19:02 of 2nd period - Minor Penalty to Trent Frederic for Holding.
19:03 of 2nd period - Jean-Gabriel Pageau wins face-off versus Andrei Kuzmenko in Los Angeles Kings zone.
19:10 of 2nd period - Snap shot by Tom Wilson.
19:10 of 2nd period - Stopped by John Gibson without a rebound.
19:11 of 2nd period - Andrei Kuzmenko wins face-off versus Jean-Gabriel Pageau in Los Angeles Kings zone.
Goals for this period are 2 for Los Angeles Kings vs 0 for Pittsburgh Penguins.
Shots for this period are 13 for Los Angeles Kings vs 13 for Pittsburgh Penguins.
3rd period
0:01 of 3rd period - Leon Draisaitl wins face-off versus Andrei Kuzmenko in neutral zone.
0:03 of 3rd period - Minor Penalty to Mattias Ekholm for Hooking.
0:04 of 3rd period - Leon Draisaitl wins face-off versus Andrei Svechnikov in Pittsburgh Penguins zone.
0:04 of 3rd period - Leon Draisaitl is hit by Andrei Svechnikov.
0:15 of 3rd period - Wrist shot by Leon Draisaitl.
0:15 of 3rd period - Stopped by John Gibson without a rebound.
0:16 of 3rd period - Andrei Kuzmenko wins face-off versus Sam Reinhart in Los Angeles Kings zone.
0:23 of 3rd period - Snap shot by Nicklas Backstrom.
0:23 of 3rd period - Shot Misses the Net.
0:25 of 3rd period - Slapshot by Noah Dobson.
0:25 of 3rd period - Shot Misses the Net.
0:27 of 3rd period - Wrist shot by Noah Dobson.
0:27 of 3rd period - Shot Misses the Net.
0:29 of 3rd period - Snap shot by Andrei Kuzmenko.
0:29 of 3rd period - Stopped by Akira Schmid without a rebound.
0:30 of 3rd period - Leon Draisaitl wins face-off versus Andrei Svechnikov in Pittsburgh Penguins zone.
0:43 of 3rd period - Wrist shot by Andrei Svechnikov.
0:43 of 3rd period - Stopped by Akira Schmid with a rebound.
0:46 of 3rd period - Icing by Ryan Suter.
0:47 of 3rd period - Leon Draisaitl wins face-off versus Andrei Kuzmenko in Pittsburgh Penguins zone.
1:00 of 3rd period - Slapshot by Mitchell Marner.
1:00 of 3rd period - Shot Misses the Net.
1:02 of 3rd period - Penalty to Trent Frederic is over, Trent Frederic is back on ice.
1:44 of 3rd period - Snap shot by Kirby Dach.
1:44 of 3rd period - Shot Blocked by Brian Dumoulin.
1:52 of 3rd period - Snap shot by Andrei Svechnikov.
1:52 of 3rd period - Shot Blocked by Erik Gudbranson.
1:54 of 3rd period - Slapshot by K'Andre Miller.
1:54 of 3rd period - Shot Misses the Net.
1:56 of 3rd period - Snap shot by Kirby Dach.
1:56 of 3rd period - Shot Blocked by Colton Sissons.
2:03 of 3rd period - Penalty to Mattias Ekholm is over, Mattias Ekholm is back on ice.
2:10 of 3rd period - Mattias Ekholm is hit by Andrei Svechnikov and loses puck.
2:29 of 3rd period - K'Andre Miller is hit by Erik Karlsson.
2:33 of 3rd period - Cooper Marody is hit by Sam Reinhart.
2:37 of 3rd period - Cooper Marody is hit by Ryan Suter.
2:51 of 3rd period - Snap shot by Vitali Kravtsov.
2:51 of 3rd period - Shot Misses the Net.
2:53 of 3rd period - Snap shot by Vitali Kravtsov.
2:53 of 3rd period - Stopped by Akira Schmid without a rebound.
2:54 of 3rd period - Jean-Gabriel Pageau wins face-off versus Peyton Krebs in Pittsburgh Penguins zone.
2:54 of 3rd period - Jean-Gabriel Pageau is hit by Erik Brannstrom.
3:04 of 3rd period - Snap shot by Leon Draisaitl.
3:04 of 3rd period - Shot Misses the Net.
3:06 of 3rd period - Wrist shot by Leon Draisaitl.
3:06 of 3rd period - Stopped by John Gibson with a rebound.
3:08 of 3rd period - Snap shot by Leon Draisaitl.
3:08 of 3rd period - Shot Blocked by Erik Brannstrom.
3:10 of 3rd period - Snap shot by Mitchell Marner.
3:10 of 3rd period - Shot Misses the Net.
4:26 of 3rd period - Off-side.
4:27 of 3rd period - Jean-Gabriel Pageau wins face-off versus Peyton Krebs in neutral zone.
4:44 of 3rd period - K'Andre Miller is hit by Jean-Gabriel Pageau and loses puck.
4:51 of 3rd period - Leon Draisaitl is hit by K'Andre Miller and loses puck.
5:10 of 3rd period - Backhand shot by Noah Dobson.
5:10 of 3rd period - Shot Misses the Net.
5:13 of 3rd period - Icing by Mitchell Marner.
5:14 of 3rd period - Kirby Dach wins face-off versus Jean-Gabriel Pageau in Pittsburgh Penguins zone.
5:25 of 3rd period - Snap shot by Andrei Kuzmenko.
5:25 of 3rd period - Shot Misses the Net.
6:08 of 3rd period - Slapshot by Anders Lee.
6:08 of 3rd period - Stopped by John Gibson with a rebound.
6:10 of 3rd period - Slapshot by Erik Karlsson.
6:10 of 3rd period - Shot Misses the Net.
6:28 of 3rd period - Snap shot by Gabriel Vilardi.
6:28 of 3rd period - Goal by Gabriel Vilardi - Los Angeles Kings : 4 - Pittsburgh Penguins : 1.
6:29 of 3rd period - Phillip Danault wins face-off versus Kirby Dach in neutral zone.
6:54 of 3rd period - Joshua Brown is hit by Jean-Gabriel Pageau and loses puck.
7:02 of 3rd period - Snap shot by Jakub Zboril.
7:02 of 3rd period - Shot Misses the Net.
7:04 of 3rd period - Slapshot by Erik Brannstrom.
7:04 of 3rd period - Stopped by Akira Schmid with a rebound.
7:22 of 3rd period - Peyton Krebs is hit by Brian Dumoulin and loses puck.
8:01 of 3rd period - Wrist shot by Andrei Kuzmenko.
8:01 of 3rd period - Stopped by Akira Schmid with a rebound.
8:05 of 3rd period - Wrist shot by Andrei Svechnikov.
8:05 of 3rd period - Shot Misses the Net.
8:15 of 3rd period - Snap shot by Mitchell Marner.
8:15 of 3rd period - Deflect By Jean-Gabriel Pageau.
8:15 of 3rd period - Stopped by John Gibson without a rebound.
8:16 of 3rd period - Jean-Gabriel Pageau wins face-off versus Seth Jarvis in Los Angeles Kings zone.
8:24 of 3rd period - Minor Penalty to Joshua Brown for Roughing.
8:25 of 3rd period - Leon Draisaitl wins face-off versus Andrei Kuzmenko in Los Angeles Kings zone.
9:05 of 3rd period - Wrist shot by Jean-Gabriel Pageau.
9:05 of 3rd period - Shot Misses the Net.
9:07 of 3rd period - Wrist shot by Sam Reinhart.
9:07 of 3rd period - Stopped by John Gibson with a rebound.
9:09 of 3rd period - Slapshot by Brian Dumoulin.
9:09 of 3rd period - Deflect By Anders Lee.
9:09 of 3rd period - Goal by Anders Lee - Los Angeles Kings : 4 - Pittsburgh Penguins : 2.
9:10 of 3rd period - Phillip Danault wins face-off versus Kirby Dach in neutral zone.
9:17 of 3rd period - Slapshot by Sam Reinhart.
9:17 of 3rd period - Stopped by John Gibson with a rebound.
9:19 of 3rd period - Slapshot by Alexander Edler.
9:19 of 3rd period - Stopped by John Gibson with a rebound.
9:21 of 3rd period - Wrist shot by Sam Reinhart.
9:21 of 3rd period - Stopped by John Gibson with a rebound.
9:48 of 3rd period - Snap shot by Nicklas Backstrom.
9:48 of 3rd period - Shot Misses the Net.
9:50 of 3rd period - Slapshot by Joshua Brown.
9:50 of 3rd period - Stopped by Akira Schmid without a rebound.
9:51 of 3rd period - Peyton Krebs wins face-off versus Pavel Buchnevich in Pittsburgh Penguins zone.
9:54 of 3rd period - Snap shot by Peyton Krebs.
9:54 of 3rd period - Stopped by Akira Schmid with a rebound.
10:17 of 3rd period - Minor Penalty to Kirby Dach for High sticking.
10:18 of 3rd period - Leon Draisaitl wins face-off versus Andrei Kuzmenko in Los Angeles Kings zone.
10:25 of 3rd period - Snap shot by Mitchell Marner.
10:25 of 3rd period - Shot Blocked by Noah Dobson.
10:27 of 3rd period - Wrist shot by Leon Draisaitl.
10:27 of 3rd period - Stopped by John Gibson without a rebound.
10:28 of 3rd period - Leon Draisaitl wins face-off versus Andrei Kuzmenko in Los Angeles Kings zone.
10:33 of 3rd period - Slapshot by Mitchell Marner.
10:33 of 3rd period - Goal by Mitchell Marner - Los Angeles Kings : 4 - Pittsburgh Penguins : 3.
10:34 of 3rd period - Nicklas Backstrom wins face-off versus Phillip Danault in neutral zone.
10:47 of 3rd period - Snap shot by Seth Jarvis.
10:47 of 3rd period - Shot Hit the Post.
10:49 of 3rd period - Snap shot by Trent Frederic.
10:49 of 3rd period - Goal by Trent Frederic - Los Angeles Kings : 5 - Pittsburgh Penguins : 3.
10:50 of 3rd period - Kirby Dach wins face-off versus Phillip Danault in neutral zone.
11:26 of 3rd period - Snap shot by Mitchell Marner.
11:26 of 3rd period - Shot Misses the Net.
11:40 of 3rd period - Wrist shot by Jordan Eberle.
11:40 of 3rd period - Stopped by John Gibson with a rebound.
12:27 of 3rd period - Pavel Buchnevich is hit by Erik Brannstrom and loses puck.
13:04 of 3rd period - Backhand shot by Tom Wilson.
13:04 of 3rd period - Stopped by John Gibson with a rebound.
13:06 of 3rd period - Snap shot by Colton Sissons.
13:06 of 3rd period - Shot Misses the Net.
13:08 of 3rd period - Slapshot by Mattias Ekholm.
13:08 of 3rd period - Shot Blocked by Erik Brannstrom.
13:10 of 3rd period - Snap shot by Tom Wilson.
13:10 of 3rd period - Stopped by John Gibson without a rebound.
13:11 of 3rd period - Kirby Dach wins face-off versus Phillip Danault in Los Angeles Kings zone.
13:11 of 3rd period - Kirby Dach is hit by Erik Karlsson.
13:20 of 3rd period - Minor Penalty to Phillip Danault for Boarding.
13:21 of 3rd period - Nicklas Backstrom wins face-off versus Leon Draisaitl in Pittsburgh Penguins zone.
15:20 of 3rd period - Penalty to Phillip Danault is over, Phillip Danault is back on ice.
15:22 of 3rd period - Erik Karlsson is hit by Joshua Brown and loses puck.
17:03 of 3rd period - Noah Dobson is hit by Alexander Edler and loses puck.
17:34 of 3rd period - Peyton Krebs is hit by Gabriel Vilardi and loses puck.
18:04 of 3rd period - Icing by K'Andre Miller.
18:05 of 3rd period - Ryan Johansen wins face-off versus Marco Rossi in Los Angeles Kings zone.
18:14 of 3rd period - Alexander Radulov is hit by Jordan Eberle and loses puck.
19:22 of 3rd period - Noah Dobson is hit by Ryan Johansen and loses puck.
19:55 of 3rd period - Jean-Gabriel Pageau is hit by Vitali Kravtsov.
Goals for this period are 1 for Los Angeles Kings vs 3 for Pittsburgh Penguins.
Shots for this period are 8 for Los Angeles Kings vs 15 for Pittsburgh Penguins.
Back to the Top